 Dungeon Crawl Stone Soup version 0.29.0-4-gdea44cf6ec (webtiles) character file.

Game seed: 8365419508186099020

3056 qw the Cleaver (level 9, -11/54 HPs)
             Began as a Tengu Warper on Aug 28, 2022.
             Was a Believer of Okawaru.
             Killed from afar by Erica (17 damage)
             ... with a lance of force
             ... on level 8 of the Dungeon.
             The game lasted 00:00:53 (6121 turns).

qw the Cleaver (Tengu Warper)                       Turns: 6121, Time: 00:00:54

Health: -11/54     AC: 11    Str: 15    XL:     9   Next: 87%
Magic:  13/13      EV: 17    Int: 13    God:    Okawaru [**....]
Gold:   277        SH:  7    Dex: 19    Spells: 12/12 levels left

rFire   . . .      SeeInvis .   Y - +1 war axe
rCold   . . .      Faith    .   j - +0 buckler
rNeg    . . .      Spirit   .   f - +0 scale mail
rPois   +          Reflect  .   (helmet restricted)
rElec   .          Harm     .   d - +0 cloak
rCorr   .          Rampage  .   (no gloves)
Will    .....                   (boots unavailable)
Stlth   ++........              (no amulet)
HPRegen 0.98/turn               m - +6 ring of dexterity
MPRegen 0.13/turn               g - ring of poison resistance

@: heroic, flying quickly and evasively, slowed, very slow
A: beak, talons 3, nimble flight, iridescent scales 1, clumsy 1, regeneration 1
a: Renounce Religion, Heroism


You were on level 8 of the Dungeon.
You worshipped Okawaru.
Okawaru was pleased with you.
You visited 2 branches of the dungeon, and saw 9 of its levels.

You collected 355 gold pieces.
You spent 78 gold pieces at shops.


Innate Abilities, Weirdness & Mutations

You have a beak for a mouth.
You have claws for feet.
Your magical nature lets you fly swiftly and evasively.
You are partially covered in iridescent scales. (AC +2)
You are clumsy. (Dex -2)
Your natural rate of healing is unusually fast.


   Skills:
 - Level 5.0(10.0) Fighting
 - Level 11.1(16.1) Axes
 - Level 1.0(6.0) Throwing
 - Level 3.4(8.4) Armour
 + Level 4.8(9.8) Dodging
 - Level 3.1(8.1) Shields
 - Level 2.0 Spellcasting
 - Level 2.4 Translocations
 - Level 4.0 Invocations


You had 12 spell levels left.
You didn't know any spells.
Your spell library contained the following spells:

 Spells                   Type           Power      Damage    Failure   Level
 Blink                    Tloc           14%        N/A       50%         2
 Gell's Gravitas          Tloc           7%         N/A       75%         3
 Lesser Beckoning         Tloc           7%         N/A       75%         3
 Teleport Other           Tloc           7%         N/A       75%         3
 Manifold Assault         Tloc           7%         N/A       100%        5

Inventory:

Hand Weapons
 c - a +0 morningstar
 Y - a +1 war axe (weapon)
Armour
 d - a +0 cloak (worn)
 f - a +0 scale mail (worn)
 j - a +0 buckler (worn)
Jewellery
 g - a ring of poison resistance (right hand)
 m - a +6 ring of dexterity (left hand)
Scrolls
 a - 11 scrolls of identify
 l - a scroll of teleportation
Potions
 e - 3 potions of might
 h - a potion of haste
 i - 2 potions of mutation

Dungeon Overview and Level Annotations

Branches:
Dungeon (8/15)             Temple (1/1) D:5
   Lair: D:8-11

Altars:
Ashenzari
Cheibriados
Dithmenos
Elyvilon
Fedhas
Gozag
Hepliaklqana
Kikubaaqudgha
Makhleb
Nemelex Xobeh
Okawaru
Qazlal
Ru
Trog
Uskayaw
Vehumet
Wu Jian
Xom
Yredelemnul
Zin
The Shining One

Shops:
D:2 ?*

Annotations:
D:8 Erica


Message History

Erica flickers and vanishes!
Deactivating autopickup; reactivate with Ctrl-A.
You hit something. You claw something!
You hear some strange, mumbled words.
You feel as though you will be slow longer.
You slash something! Your peck misses something.
You hear some strange, mumbled words.
Something tries to affect you, but you resist.
You barely miss something. You claw something.
You hear some strange, mumbled words.
Something tries to affect you, but you resist.
You miss something. You claw something. Your peck misses something.
You hear some strange, mumbled words.
A lance of force appears from out of thin air!
The lance of force misses you.
You hit something. You claw something. Your peck misses something.
Something hits you! Something burns you.
You slash something! Your kick misses something. Your peck misses something.
Something barely misses you.
You hit something but do no damage. Your kick misses something.
You peck something. Something hits you! Something burns you.
You closely miss something. Your kick misses something.
You block something's attack.
You hit something but do no damage. Something hits you. Something burns you.
Something barely misses you.
You miss something. Your kick misses something. Something barely misses you.
You hit something but do no damage. You claw something.
Your peck misses something. Something hits you! Something burns you.
You hit something. You claw something. Your peck misses something.
Something hits you! Something burns you.
You miss something. Something hits you. Something burns you.
You completely miss something. Your kick misses something. You peck something.
You hear some strange, mumbled words.
A lance of force appears from out of thin air!
The lance of force hits you!
You die...

....## ..8..# .....##
#### ......# #..#
......# #####..##
##.#..# #.......#####
#....###..###..#...####
#....##..##.##.........
#............#.@{..¤¤..
#....##..##.##.#...#¤#¤
##...###..# #..#...¤¤¤.
#...# #.......#...#.#¤
#...# #####.###.......
#...# #.# #...... ..).#
#. ###.## ##...# # .#


There were no monsters in sight!

Vanquished Creatures
  A polar bear (D:7)
  Grinder (D:6)
  Sigmund (D:6)
  Menkaure (D:5)
  2 water moccasins
  Duvessa (D:7)
  3 ice beasts
  2 black bears (D:6)
  A wolf (D:7)
  2 centaurs (D:7)
  A bullfrog (D:6)
  A gnoll sergeant (D:7)
  5 scorpions
  Dowan (D:7)
  3 howler monkeys (D:7)
  A crimson imp (D:3)
  2 jellies
  3 orc priests
  2 hounds
  2 iguanas
  6 orc wizards
  A centaur simulacrum (D:8)
  7 gnolls
  7 adders
  3 white imps
  4 ufetubi
  3 worms
  2 dart slugs
  18 orcs
  11 ball pythons
  5 bats
  9 endoplasms
  6 giant cockroaches
  7 goblins
  13 hobgoblins
  5 jackals (D:2)
  18 kobolds
  2 quokkas (D:1)
  6 frilled lizards
  6 rats
175 creatures vanquished.

Notes
Turn   | Place    | Note
-------+----------+-------------------------------------------
     0 | D:1      | qw the Tengu Warper began the quest for the Orb.
     0 | D:1      | Reached XP level 1. HP: 12/12 MP: 4/4
     0 | D:1      | 0 ||| qw: Version: 0.1-a-89-g26bdef1
     0 | D:1      | 0 ||| qw: Game counter: 1529
     0 | D:1      | 0 ||| qw: Always use a shield: true
     0 | D:1      | 0 ||| qw: God list: Okawaru
     0 | D:1      | 0 ||| qw: Allow faded altars: false
     0 | D:1      | 0 ||| qw: Do Orc after D:15 true
     0 | D:1      | 0 ||| qw: Do second Lair branch before Depths: true
     0 | D:1      | 0 ||| qw: Lair rune preference: random
     0 | D:1      | 0 ||| qw: Plans: Normal
     0 | D:1      | 0 ||| PLANNING D:1-11
    73 | D:1      | 73 ||| Stepping ~*~*~tactically~*~*~ (stealth).
    75 | D:1      | 75 ||| Stepping ~*~*~tactically~*~*~ (stealth).
    91 | D:1      | Reached XP level 2. HP: 10/17 MP: 6/6
    99 | D:1      | 99 ||| Stepping ~*~*~tactically~*~*~ (stealth).
   110 | D:1      | Reached skill level 3 in Axes
   371 | D:1      | 371 ||| DROPPING +0 club.
   442 | D:1      | Found a faded altar of an unknown god.
   857 | D:1      | Reached XP level 3. HP: 17/21 MP: 7/7
   969 | D:1      | 969 ||| Stepping ~*~*~tactically~*~*~ (hiding).
  1135 | D:1      | 1135 ||| DROPPING +0 whip.
  1252 | D:1      | Reached skill level 4 in Axes
  1458 | D:1      | 1458 ||| UPGRADING to +0 ring mail.
  1468 | D:1      | 1468 ||| DROPPING +0 leather armour.
  1469 | D:1      | 1469 ||| READING 3 scrolls labelled TYSYBL NEYXIEM.
  1470 | D:1      | 1470 ||| READING scroll labelled JAUCEIFUKI.
  1471 | D:1      | 1471 ||| DRINKING 3 lumpy green potions.
  1472 | D:1      | 1472 ||| DRINKING 2 puce potions.
  1472 | D:1      | Gained mutation: You are partially covered in iridescent
                  | scales. (AC +2) [potion of mutation]
  1472 | D:1      | Gained mutation: You are clumsy. (Dex -2) [potion of
                  | mutation]
  1472 | D:1      | Gained mutation: Your natural rate of healing is unusually
                  | fast. [potion of mutation]
  1473 | D:1      | 1473 ||| READING 2 scrolls of identify.
  1473 | D:1      | 1473 ||| IDENTIFYING black potion
  1474 | D:1      | 1474 ||| DROPPING scroll of blinking.
  1475 | D:1      | 1475 ||| DROPPING potion of berserk rage.
  1520 | D:2      | 1520 ||| STAIRDANCE
  1525 | D:1      | 1525 ||| SWAPPING to +1 vorpal hand axe.
  1526 | D:1      | 1526 ||| DROPPING +0 hand axe.
  1530 | D:2      | 1530 ||| STAIRDANCE
  1559 | D:2      | 1559 ||| Stepping ~*~*~tactically~*~*~ (stealth).
  1561 | D:2      | 1561 ||| Stepping ~*~*~tactically~*~*~ (stealth).
  1580 | D:2      | Reached XP level 4. HP: 25/26 MP: 8/8
  1640 | D:2      | 1640 ||| Stepping ~*~*~tactically~*~*~ (stealth).
  1642 | D:2      | 1642 ||| Stepping ~*~*~tactically~*~*~ (stealth).
  1656 | D:2      | Found Diblustro's Magic Scroll Shop.
  1664 | D:2      | 1664 ||| Stepping ~*~*~tactically~*~*~ (hiding).
  1670 | D:2      | Reached skill level 5 in Axes
  1672 | D:2      | 1672 ||| Stepping ~*~*~tactically~*~*~ (stealth).
  1675 | D:2      | 1675 ||| Stepping ~*~*~tactically~*~*~ (stealth).
  1676 | D:2      | 1676 ||| Stepping ~*~*~tactically~*~*~ (stealth).
  1681 | D:2      | 1681 ||| SHOPLISTING scroll of enchant armour (97 gold,
                  | have 80).
  1681 | D:2      | 1681 ||| BUYING scroll of identify (26 gold).
  1681 | D:2      | Bought a scroll of identify for 26 gold pieces
  1681 | D:2      | 1681 ||| BUYING scroll of identify (26 gold).
  1681 | D:2      | Bought a scroll of identify for 26 gold pieces
  1681 | D:2      | 1681 ||| BUYING scroll of identify (26 gold).
  1681 | D:2      | Bought a scroll of identify for 26 gold pieces
  1798 | D:2      | Found Gieckehi's Assorted Antiques.
  1819 | D:2      | 1819 ||| SHOPLISTING golden potion (27 gold, have 7).
  1819 | D:2      | 1819 ||| SHOPLISTING runed morningstar (217 gold, have 7).
  1819 | D:2      | 1819 ||| SHOPLISTING scroll labelled LIAVEEH SYNNUES (31
                  | gold, have 7).
  1819 | D:2      | 1819 ||| SHOPLISTING scroll labelled XEZAUDO HAUR (31 gold,
                  | have 7).
  1819 | D:2      | 1819 ||| SHOPLISTING scroll of identify (62 gold, have 7).
  1819 | D:2      | 1819 ||| SHOPLISTING viscous coppery potion (27 gold, have
                  | 7).
  2030 | D:2      | 2030 ||| Stepping ~*~*~tactically~*~*~ (stealth).
  2145 | D:2      | 2145 ||| READING 3 scrolls labelled AFOUJU AXUMU.
  2146 | D:2      | 2146 ||| READING 11 scrolls of identify.
  2146 | D:2      | 2146 ||| IDENTIFYING coppery potion
  2147 | D:2      | 2147 ||| DROPPING 2 scrolls of amnesia.
  2213 | D:3      | Gained mutation: Your magical nature lets you fly swiftly
                  | and evasively. [Tengu growth]
  2213 | D:3      | Reached XP level 5. HP: 30/30 MP: 9/9
  2350 | D:3      | 2350 ||| Stepping ~*~*~tactically~*~*~ (stealth).
  2351 | D:3      | 2351 ||| Stepping ~*~*~tactically~*~*~ (stealth).
  2354 | D:3      | 2354 ||| Stepping ~*~*~tactically~*~*~ (stealth).
  2375 | D:3      | Reached skill level 6 in Axes
  2375 | D:3      | 2375 ||| FLEEEEING.
  2376 | D:3      | 2376 ||| FLEEEEING.
  2377 | D:3      | 2377 ||| FLEEEEING.
  2378 | D:3      | 2378 ||| FLEEEEING.
  2379 | D:3      | 2379 ||| FLEEEEING.
  2380 | D:3      | 2380 ||| FLEEEEING.
  2381 | D:3      | 2381 ||| FLEEEEING.
  2382 | D:3      | 2382 ||| FLEEEEING.
  2383 | D:3      | 2383 ||| FLEEEEING.
  2384 | D:3      | 2384 ||| FLEEEEING.
  2385 | D:3      | 2385 ||| FLEEEEING.
  2386 | D:3      | 2386 ||| FLEEEEING.
  2387 | D:3      | 2387 ||| FLEEEEING.
  2399 | D:3      | 2399 ||| DRINKING potion of curing.
  2399 | D:3      | 2399 ||| (to cure confusion)
  2498 | D:3      | Reached XP level 6. HP: 33/35 MP: 10/10
  2501 | D:3      | 2501 ||| Stepping ~*~*~tactically~*~*~ (stealth).
  2514 | D:3      | 2514 ||| DROPPING +2 whip of electrocution.
  2628 | D:3      | 2628 ||| DRINKING potion of curing.
  2628 | D:3      | 2628 ||| (to cure confusion)
  2641 | D:3      | Reached skill level 7 in Axes
  2644 | D:3      | 2644 ||| DROPPING +0 flail.
  2839 | D:3      | Found a radiant altar of Vehumet.
  2839 | D:3      | Found a burning altar of Makhleb.
  2849 | D:3      | 2849 ||| Stepping ~*~*~tactically~*~*~ (hiding).
  2932 | D:3      | 2932 ||| UPGRADING to +0 scale mail.
  2942 | D:3      | 2942 ||| DROPPING +0 ring mail.
  2943 | D:3      | 2943 ||| UPGRADING to +0 buckler.
  2948 | D:3      | 2948 ||| READING scroll labelled XEZAUDO HAUR.
  2951 | D:3      | 2951 ||| READING scroll labelled JECOTATIRE.
  2952 | D:3      | 2952 ||| READING scroll labelled BONUES CUSK.
  3077 | D:4      | 3077 ||| STAIRDANCE
  3088 | D:3      | HP: 7/36 [poisoned by a scorpion]
  3089 | D:3      | Reached skill level 1 in Shields
  3091 | D:3      | HP: 3/36 [poisoned by a scorpion]
  3096 | D:3      | HP: 3/36 [poisoned by a scorpion]
  3152 | D:4      | 3152 ||| Stepping ~*~*~tactically~*~*~ (stealth).
  3228 | D:4      | Reached skill level 3 in Fighting
  3342 | D:4      | Reached XP level 7. HP: 41/41 MP: 11/11
  3348 | D:4      | 3348 ||| Stepping ~*~*~tactically~*~*~ (stealth).
  3353 | D:4      | 3353 ||| Stepping ~*~*~tactically~*~*~ (stealth).
  3358 | D:4      | 3358 ||| Stepping ~*~*~tactically~*~*~ (stealth).
  3361 | D:4      | 3361 ||| Stepping ~*~*~tactically~*~*~ (stealth).
  3542 | D:4      | 3542 ||| Stepping ~*~*~tactically~*~*~ (stealth).
  3718 | D:4      | 3718 ||| Stepping ~*~*~tactically~*~*~ (stealth).
  3744 | D:4      | Found a hazy altar of Hepliaklqana.
  3745 | D:4      | Found a shimmering altar of Xom.
  3746 | D:4      | Noticed a caustic shrike
  3746 | D:4      | Noticed a spectral ugly thing
  3829 | D:4      | 3829 ||| UPGRADING to amulet of guardian spirit.
  3834 | D:4      | 3834 ||| UPGRADING to +6 ring of dexterity.
  3835 | D:4      | 3835 ||| DRINKING 2 red potions.
  3836 | D:4      | 3836 ||| READING 11 scrolls of identify.
  3836 | D:4      | 3836 ||| IDENTIFYING bubbling green potion
  3837 | D:4      | 3837 ||| READING 10 scrolls of identify.
  3837 | D:4      | 3837 ||| IDENTIFYING fuming pink potion
  3838 | D:4      | 3838 ||| READING 9 scrolls of identify.
  3838 | D:4      | 3838 ||| IDENTIFYING inky potion
  3839 | D:4      | 3839 ||| DROPPING potion of magic.
  3840 | D:4      | 3840 ||| DROPPING potion of flight.
  3841 | D:4      | 3841 ||| DROPPING potion of lignification.
  3842 | D:4      | 3842 ||| DROPPING potion of invisibility.
  3859 | D:5      | Entered Level 5 of the Dungeon
  3880 | D:5      | Reached skill level 8 in Axes
  3891 | D:5      | Reached skill level 3 in Dodging
  3928 | D:5      | Noticed Menkaure
  3932 | D:5      | 3932 ||| Stepping ~*~*~tactically~*~*~ (hiding).
  3940 | D:5      | Killed Menkaure
  3941 | D:5      | Reached XP level 8. HP: 29/46 MP: 5/12
  4002 | D:5      | 4002 ||| SWAPPING to +0 war axe.
  4003 | D:5      | 4003 ||| DROPPING +1 vorpal hand axe.
  4183 | D:5      | Found a staircase to the Ecumenical Temple.
  4184 | D:5      | 4184 ||| PLANNING TEMPLE
  4196 | D:5      | Reached skill level 9 in Axes
  4197 | D:5      | 4197 ||| UPGRADING to ring of poison resistance.
  4198 | D:5      | 4198 ||| READING scroll labelled QACWONOLUY.
  4199 | D:5      | 4199 ||| READING scroll labelled DICKUC XUAKKANG.
  4200 | D:5      | 4200 ||| DRINKING 2 viscous coppery potions.
  4209 | Temple   | Entered the Ecumenical Temple
  4264 | Temple   | Became a worshipper of Warmaster Okawaru
  4265 | Temple   | 4265 ||| REMOVING amulet of guardian spirit.
  4298 | Temple   | 4298 ||| PLANNING D:1-11
  4298 | Temple   | 4298 ||| DROPPING amulet of guardian spirit.
  4481 | D:5      | Found a sparkling altar of Nemelex Xobeh.
  4681 | D:6      | Noticed Grinder
  4683 | D:6      | Paralysed by Grinder for 2 turns
  4692 | D:6      | Paralysed by Grinder for 4 turns
  4701 | D:6      | Killed Grinder
  4701 | D:6      | Reached * piety under Okawaru
  4736 | D:6      | 4736 ||| INVOKING Heroism.
  4759 | D:6      | 4759 ||| INVOKING Heroism.
  4815 | D:6      | Found an ornate altar of the Wu Jian Council.
  4818 | D:6      | 4818 ||| INVOKING Heroism.
  4823 | D:6      | Reached skill level 1 in Invocations
  4914 | D:6      | 4914 ||| INVOKING Heroism.
  4957 | D:6      | 4957 ||| INVOKING Heroism.
  5009 | D:6      | 5009 ||| Stepping ~*~*~tactically~*~*~ (hiding).
  5010 | D:6      | 5010 ||| Stepping ~*~*~tactically~*~*~ (hiding).
  5013 | D:6      | 5013 ||| Stepping ~*~*~tactically~*~*~ (hiding).
  5017 | D:6      | Reached skill level 3 in Invocations
  5017 | D:6      | Reached XP level 9. HP: 49/52 MP: 13/13
  5157 | D:6      | Noticed Sigmund
  5158 | D:6      | 5158 ||| INVOKING Heroism.
  5159 | D:6      | 5159 ||| FLEEEEING.
  5160 | D:6      | 5160 ||| FLEEEEING.
  5161 | D:6      | 5161 ||| FLEEEEING.
  5162 | D:6      | 5162 ||| FLEEEEING.
  5289 | D:6      | 5289 ||| Stepping ~*~*~tactically~*~*~ (hiding).
  5291 | D:6      | 5291 ||| INVOKING Heroism.
  5296 | D:6      | 5296 ||| DRINKING 2 potions of curing.
  5296 | D:6      | 5296 ||| (to cure confusion)
  5299 | D:6      | 5299 ||| DRINKING potion of curing.
  5299 | D:6      | 5299 ||| (to cure confusion)
  5303 | D:6      | Killed Sigmund
  5421 | D:6      | 5421 ||| READING scroll labelled LIAVEEH SYNNUES.
  5422 | D:6      | 5422 ||| DRINKING 2 grey potions.
  5423 | D:6      | 5423 ||| DROPPING potion of attraction.
  5441 | D:6      | 5441 ||| Stepping ~*~*~tactically~*~*~ (stealth).
  5463 | D:7      | 5463 ||| INVOKING Heroism.
  5467 | D:7      | Reached skill level 10 in Axes
  5468 | D:7      | 5468 ||| Stepping ~*~*~tactically~*~*~ (hiding).
  5474 | D:7      | Noticed Duvessa
  5474 | D:7      | Noticed Dowan
  5483 | D:7      | Killed Dowan
  5483 | D:7      | HP: 8/52 [orc priest/+0 war axe (8)]
  5484 | D:7      | 5484 ||| READING 2 scrolls of teleportation.
  5485 | D:7      | 5485 ||| DRINKING potion of heal wounds.
  5491 | D:7      | 5491 ||| INVOKING Heroism.
  5509 | D:7      | 5509 ||| Stepping ~*~*~tactically~*~*~ (stealth).
  5510 | D:7      | 5510 ||| Stepping ~*~*~tactically~*~*~ (stealth).
  5516 | D:7      | 5516 ||| INVOKING Heroism.
  5523 | D:7      | Reached skill level 3 in Shields
  5564 | D:7      | 5564 ||| DROPPING +1 flail of draining.
  5649 | D:7      | 5649 ||| INVOKING Heroism.
  5801 | D:7      | 5801 ||| INVOKING Heroism.
  5802 | D:7      | 5802 ||| Stepping ~*~*~tactically~*~*~ (stealth).
  5816 | D:7      | Killed Duvessa
  5911 | D:7      | 5911 ||| UPGRADING to +0 cloak.
  5916 | D:7      | 5916 ||| READING scroll labelled ROAMOU CI VETY.
  5917 | D:7      | 5917 ||| READING 12 scrolls of identify.
  5917 | D:7      | 5917 ||| IDENTIFYING golden potion
  5938 | D:8      | Noticed a polar bear
  5939 | D:8      | 5939 ||| INVOKING Heroism.
  5940 | D:8      | 5940 ||| STAIRDANCE
  5957 | D:8      | 5957 ||| STAIRDANCE
  5959 | D:7      | 5959 ||| INVOKING Heroism.
  5975 | D:7      | Killed a polar bear
  5975 | D:7      | Reached ** piety under Okawaru
  5976 | D:7      | Reached skill level 11 in Axes
  5996 | D:8      | 5996 ||| STAIRDANCE
  5998 | D:7      | 5998 ||| INVOKING Heroism.
  6005 | D:7      | Reached skill level 3 in Armour
  6026 | D:8      | 6026 ||| STAIRDANCE
  6039 | D:8      | 6039 ||| Stepping ~*~*~tactically~*~*~ (hiding).
  6099 | D:8      | Noticed Erica
  6100 | D:8      | 6100 ||| INVOKING Heroism.
  6103 | D:8      | 6103 ||| Stepping ~*~*~tactically~*~*~ (hiding).
  6119 | D:8      | HP: 9/54 [something (5)]
  6121 | D:8      | Killed from afar by Erica

Levels and vault maps discovered:
D:1:      psy_arrival_statuary, layout_loops_corners, serial_glass,
          glass_columns_a, glass_columns_a, nicolae_ecumenical_snake_handling
D:2:      kennysheep_six_static_rooms, layout_rooms, serial_shops, shop,
          nicolae_shop_advertising_works [nicolae_subvault_shop_adworks]
D:3:      layout_loops_ring, grunt_temple_overflow_lords_of_destruction,
          minmay_misc_feat_five
D:4:      minmay_inner_zag, layout_loops_ring, regret_index_temple_of_mockery
D:5:      layout_cave_pools, mainiacjoe_overflow_alcove_2,
          minmay_temple_entry_junction, lemuel_flame_loot_1, uniq_menkaure
D:6:      layout_rooms, lemuel_doored_altar, uniq_sigmund, uniq_grinder
D:7:      layout_basic, hex_large, palyth_stone_intersect, uniq_duvessa
D:8:      layout_rooms, lair_entry_dummy, serial_ice, serial_ice_a,
          serial_ice_c, serial_ice_o, serial_ice_j, serial_ice_d, serial_ice_n,
          serial_ice_h, serial_ice_b, serial_ice_g, serial_ice_f,
          nicolae_titane, uniq_erica
Temple:   regret_index_temple_waves

Skill      XL: |  1  2  3  4  5  6  7  8  9 |
---------------+----------------------------+-----
Axes           | 3 4 5 6 7 8 9 11 | 11.1
Shields        | 2 3 |  3.1
Fighting       | 3 4 5 |  5.0
Dodging        | 3 4 |  4.8
Armour         | 2 3 |  3.4
Invocations    | 3 4 |  4.0
Throwing       | |  1.0
Spellcasting   | |  2.0
Translocations | |  2.4

Action                   |  1- 3 |  4- 6 |  7- 9 || total
-------------------------+-------+-------+-------++-------
Melee: Hand axe          |    80 |   178 |    44 ||   302
       Kick              |    21 |    44 |    81 ||   146
       Peck              |    11 |    27 |    51 ||    89
       Punch             |     1 |     2 |       ||     3
       War axe           |       |       |   191 ||   191
Throw: Boomerang         |     7 |       |     9 ||    16
Invok: Heroism           |       |       |    16 ||    16
  Use: Scroll            |     3 |     5 |     9 ||    17
       Potion            |     2 |     2 |     6 ||    10
Armor: Leather armour    |     9 |       |       ||     9
       Ring mail         |     3 |    44 |       ||    47
       Scale mail        |       |    15 |    79 ||    94
Dodge: Dodged            |    34 |    65 |   175 ||   274
Block: Buckler           |       |     2 |    68 ||    70

Table legend:
 A = Non-vault XP
 B = Vault XP
 C = Vault XP percentage of total XP
 D = Non-vault monster count
 E = Vault monster count
 F = Vault count percentage of total count
                 A         B        C        D         E       F
            +---------+---------+-------+---------+---------+-------
      Total |    2640 |    1727 |  39.5 |     149 |      26 |  14.9
            +---------+---------+-------+---------+---------+-------
        D:1 |      48 |       4 |   7.7 |      27 |       2 |   6.9
        D:2 |     103 |       8 |   7.2 |      29 |       6 |  17.1
        D:3 |     330 |      50 |  13.2 |      35 |       1 |   2.8
        D:4 |     282 |       4 |   1.4 |      17 |       2 |  10.5
        D:5 |     333 |     183 |  35.5 |       7 |       1 |  12.5
        D:6 |     888 |     508 |  36.4 |      16 |       2 |  11.1
        D:7 |     656 |     916 |  58.3 |      18 |       8 |  30.8
        D:8 |       0 |      54 | 100.0 |       0 |       4 | 100.0
            +---------+---------+-------+---------+---------+-------
